 Dungeon Crawl Stone Soup version 0.13-a0-2590-g8c14591 (webtiles) character file.

273 BorisCarlOrff the Firebug (level 4, -5/35 HPs)
             Began as a Djinni Fire Elementalist on Aug 2, 2013.
             Was an Initiate of Sif Muna.
             Killed by nerve-wracking pain
             ... invoked by an orc priest
              (7 damage)
             ... on Level 5 of the Dungeon.
             The game lasted 00:17:11 (3388 turns).

BorisCarlOrff the Firebug (DjFE)                    Turns: 3388, Time: 00:17:11

HP  -5/35        AC  5     Str  9      XL: 4   Next: 34%
MP   0/0         EV 12     Int 21      God: Sif Muna [......]
Gold 182         SH  0     Dex 13      Spells:  2 memorised,  4 levels left

Res.Fire  : + + +   See Invis. : .   f - +0 elf dagger
Res.Cold  : x . .   Warding    : .   a - +0 robe
Life Prot.: + + +   Conserve   : +   (no shield)
Res.Poison: .       Res.Corr.  : .   (no helmet)
Res.Elec. : .       Clarity    : .   (no cloak)
Sust.Abil.: . .     Spirit.Shd : .   (no gloves)
Res.Mut.  : .       Stasis     : .   (boots unavailable)
Res.Rott. : .       Flight     : .   c - amulet of conservation
Saprovore : . . .                    k - ring of regeneration
                                     l - +3 ring of protection

@: brilliant, slightly resistant to hostile enchantments, unstealthy
A: no striking features
a: Renounce Religion


You were on level 5 of the Dungeon.
You worshipped Sif Muna.
Sif Muna was pleased with you.
You were not hungry.

You visited 1 branch of the dungeon, and saw 5 of its levels.

You collected 162 gold pieces.

Inventory:

Hand weapons
 f - a +0,+0 elven dagger (weapon)
Armour
 a - a +0 robe (worn)
Scrolls
 g - 2 scrolls of enchant armour {unknown}
 h - 2 scrolls of curse weapon {unknown}
 j - a scroll of fog {unknown}
 m - a scroll of curse armour {unknown}
Jewellery
 c - an amulet of conservation (around neck)
 k - a ring of regeneration (right hand)
 l - a +3 ring of protection (left hand)
Potions
 e - a potion of brilliance
 i - a potion of heal wounds
Books
 b - a book of Flames

   Spells                             Type                      Level
   *Flame Tongue                      Conjuration/Fire             1
   *Throw Flame                       Conjuration/Fire             2
   Conjure Flame                      Conjuration/Fire             3
   Inner Flame                        Hexes/Fire                   3
   Sticky Flame                       Conjuration/Fire             4
   Fireball                           Conjuration/Fire             5


   Skills:
 - Level 2.0 Dodging
 + Level 1.8 Stealth
 + Level 2.1 Spellcasting
 + Level 1.9 Conjurations
 * Level 5.8 Fire Magic


You had 4 spell levels left.
You knew the following spells:

 Your Spells              Type           Power        Failure   Level  Hunger
a - Flame Tongue          Conj/Fire      ####.        1%          1    #......
b - Throw Flame           Conj/Fire      ####..       1%          2    ##.....


Dungeon Overview and Level Annotations

Branches:
Dungeon (5/27)             Temple (0/1) D:4

Altars:
Sif Muna

Annotations
D:4 JulietteNo's ghost, average SpEn


Message History

The orc is healed somewhat.
Casting: Flame Tongue
Confirm with . or Enter, or press ? or * to list all spells.
Aiming: Flame Tongue
Press: ? - help, Shift-Dir - straight line, f/p - orc
Aim: an orc, wielding an orcish flail and wearing an orcish leather armour (moderately wounded)
The flame hits the orc.
The orc appears unharmed.
The orc is moderately wounded.
The orc completely misses you.
An orc wizard comes into view. It is wielding an orcish dagger.
Casting: Flame Tongue
Confirm with . or Enter, or press ? or * to list all spells.
Aiming: Flame Tongue
Press: ? - help, Shift-Dir - straight line, f/p - orc
Aim: an orc, wielding an orcish flail and wearing an orcish leather armour (moderately wounded)
The flame hits the orc.
You kill the orc!
The orc priest mumbles some strange prayers to Beogh against you.
Pain shoots through your body!
You die...

....# ...# ...#
# #..# #. #?.#
###.###..#
..........#
#####.##..o####
........<.o)@.#
#####o##..###.#
.. #..# .# .
....# .#
#.#...# .. #
#...# .. #....
..# #.... #.#
#....


You could see an orc priest, an orc wizard and an orc.

Vanquished Creatures
  2 adders
  A worm (D:2)
  2 giant geckos
  An ooze (D:3)
  4 orcs
  4 bats
  3 giant cockroaches
  6 goblins
  7 hobgoblins
  2 jackals (D:1)
  2 quokkas (D:2)
  6 giant newts
  13 kobolds
  6 rats
59 creatures vanquished.

Notes
Turn   | Place    | Note
--------------------------------------------------------------
     0 | D:1      | BorisCarlOrff, the Djinni Fire Elementalist, began the quest for the Orb.
     0 | D:1      | Reached XP level 1. HP: 14/14 MP: 0/0
   360 | D:1      | Reached XP level 2. EP: 4/21
   364 | D:1      | Learned a level 2 spell: Throw Flame
   803 | D:1      | HP: 1/21 [hobgoblin/ stone (1)]
  1613 | D:2      | Reached XP level 3. EP: 16/27
  1890 | D:2      | Reached skill level 5 in Fire Magic
  2344 | D:2      | Found a deep blue altar of Sif Muna.
  2350 | D:2      | Became a worshipper of Sif Muna the Loreminder
  3050 | D:3      | Reached XP level 4. EP: 31/34
  3255 | D:4      | Found a staircase to the Ecumenical Temple.
  3347 | D:4      | Noticed JulietteNo's ghost (average SpEn)
  3371 | D:5      | Entered Level 5 of the Dungeon
  3388 | D:5      | Killed from afar by an orc priest

Action                   |  1- 3 |  4- 6 || total
-------------------------+-------+-------++-------
Melee: Dagger            |    34 |     2 ||    36
 Cast: Flame Tongue      |    45 |    12 ||    57
       Throw Flame       |    51 |    13 ||    64
  Use: Potion            |     1 |     4 ||     5
       Scroll            |     4 |     2 ||     6
